 Dungeon Crawl Stone Soup version 0.30-a0-830-gfe289a77b0 (webtiles) character file.

Game seed: 12652073070458069180

35212 Strat the Basher (level 13, -1/82 HPs)
             Began as a Gargoyle Reaver on Feb 24, 2023.
             Was a High Priest of Dithmenos.
             Slain by a cane toad (9 damage)
             ... on level 5 of the Lair of Beasts on Feb 28, 2023.
             The game lasted 00:41:30 (16007 turns).

Strat the Basher (Gargoyle Reaver)                 Turns: 16007, Time: 00:41:31

Health: -1/82      AC: 25    Str: 20    XL:     13   Next: 82%
Magic:  20/20      EV: 11    Int: 15    God:    Dithmenos [*****.]
Gold:   910        SH:  0    Dex:  6    Spells: 3/22 levels left

rFire   . . .      SeeInvis .    a - +6 demon whip of Intimidation {elec, rN+}
rCold   . . .      Faith    .    (no shield)
rNeg    + + .      Spirit   .    J - +0 troll leather armour
rPois   ∞          Reflect  .    y - +1 hat of Haasesm {+Blink Will++ Dex-2 Stlth+}
rElec   +          Harm     .    (no cloak)
rCorr   .          Rampage  .    R - +2 pair of gloves {hurl}
Will    +++..                    q - +0 pair of boots
Stlth   ++                       i - amulet of the acrobat
HPRegen 1.13/turn                F - ring of willpower
MPRegen 0.17/turn                z - +4 ring of protection

@: hasted, wreathed by umbra, very quick
A: sickness immunity, AC +9, negative energy resistance 1, electricity
resistance, torment resistance 1, petrification resistance
a: Renounce Religion, Evoke Blink, Shadow Step, Shadow Form


You were on level 5 of the Lair of Beasts.
You worshipped Dithmenos.
Dithmenos was extremely pleased with you.
You visited 2 branches of the dungeon, and saw 17 of its levels.
You also visited: Ice Cave.

You collected 910 gold pieces.

Inventory:

Hand Weapons
 a - the +6 demon whip of Intimidation (weapon) {elec, rN+}
   (You acquired it on level 7 of the Dungeon)

   rN:        It protects you from negative energy.
 b - a +3 morningstar of chaos
Missiles
 r - 4 curare-tipped darts
 s - 22 poisoned darts
Armour
 q - a +0 pair of boots (worn)
 y - the +1 hat of Haasesm (worn) {+Blink Will++ Dex-2 Stlth+}
   (You found it on level 6 of the Dungeon)

   Dex:       It affects your dexterity (-2).
   +Blink:    It lets you blink.
   Will:      It greatly increases your willpower.
   Stlth:     It makes you more stealthy.
 J - a +0 troll leather armour (worn)
 P - a +2 buckler
 R - a +2 pair of gloves of hurling (worn)
Jewellery
 i - an amulet of the acrobat (around neck)
 l - an amulet of reflection
 z - a +4 ring of protection (right hand)
 F - a ring of willpower (left hand)
 I - a ring of resist corrosion
Wands
 e - a wand of digging (6)
 p - a wand of roots (11)
 E - a wand of flame (9)
 G - a wand of charming (7)
 L - a wand of light (3)
Scrolls
 g - 2 scrolls of enchant weapon
 k - 2 scrolls of enchant armour
 t - 2 scrolls of amnesia
 x - a scroll of blinking
 B - 2 scrolls of teleportation
 D - a scroll of magic mapping
Potions
 c - a potion of resistance
 d - 4 potions of attraction
 f - 2 potions of berserk rage
 h - 2 potions of lignification
 j - 4 potions of degeneration
 m - 6 potions of brilliance
 n - 2 potions of curing
 o - 3 potions of mutation
 v - a potion of ambrosia {unknown}
 w - 2 potions of cancellation
 A - a potion of flight
 C - 3 potions of heal wounds
 M - a potion of invisibility


   Skills:
 - Level 10.0 Fighting
 - Level 14.0 Maces & Flails
 - Level 10.0 Armour
 - Level 1.5 Dodging
 - Level 5.0 Shields
 + Level 5.3 Spellcasting
 - Level 10.0 Conjurations
 - Level 1.0 Translocations
 - Level 3.0 Ice Magic
 - Level 10.0 Earth Magic
 + Level 1.8 Invocations


You had 3 spell levels left.
You knew the following spells:

 Your Spells              Type           Power      Damage    Failure   Level
a - Kiss of Death         Conj/Necr      72%        2d10      2%          1
b - Momentum Strike       Conj/Tloc      40%        3d9       2%          2
c - Hailstorm             Conj/Ice       23%        3d7       3%          3
d - Iron Shot             Conj/Erth      16%        9d4       41%         6
e - Blink                 Tloc           12%        N/A       19%         2
f - Lee's Rapid Deconstr  Erth           16%        3d10*     9%          5

Your spell library contained the following spells:

 Spells                   Type           Power      Damage    Failure   Level
 Lesser Beckoning         Tloc           12%        N/A       19%         2
 Gell's Gravitas          Tloc           6%         N/A       34%         3
 Teleport Other           Tloc           6%         N/A       34%         3
 Kindle Blastsparks       Fire/Tloc/Air  8%         2d10      43%         3
 Iskenderun's Battlesphe  Conj           33%        2d9       9%          5
 Iskenderun's Mystic Bla  Conj/Tloc      20%        2d6       19%         4
 Fulminant Prism          Conj/Hex       9%         3d7       22%         4
 Ice Form                 Ice/Tmut       8%         N/A       67%         4
 Manifold Assault         Tloc           6%         N/A       75%         4
 Conjure Ball Lightning   Conj/Air       9%         3x3d6     98%         6
 Summon Forest            Summ/Tloc      2%         N/A       99%         5
 Summon Mana Viper        Hex/Summ       3%         N/A       99%         5
 Simulacrum               Ice/Necr       4%         N/A       100%        6
 Summon Cactus Giant      Summ           1%         N/A       100%        6
 Spellforged Servitor     Conj/Summ      9%         N/A       100%        7
 Storm Form               Tmut/Air       1%         N/A       100%        7
 Discord                  Hex            1%         N/A       100%        8
 Disjunction              Tloc           3%         N/A       100%        8


Dungeon Overview and Level Annotations

Branches:
Dungeon (12/15)            Temple (0/1) D:6            Lair (5/5) D:8
  Swamp (0/4) Lair:3        Snake (0/4) Lair:3        Slime (0/5) Lair:5
    Orc (0/2) D:12          IceCv (visited)

Altars:
Dithmenos
Elyvilon
Fedhas
Gozag
Kikubaaqudgha
Nemelex Xobeh
Okawaru
Ru
Trog
Uskayaw
Vehumet
Wu Jian
Xom

Annotations:
D:4 Eustachio
D:8 2 runed translucent doors, TheSexyCheese's ghost, novice TrFi
Lair:5 exclusion: oklob plant, Nessos


Innate Abilities, Weirdness & Mutations

You are immune to sickness and miasma.
Your stone body is resilient. (AC +9)
You are immune to poison.
You resist negative energy. (rN+)
You are resistant to electric shocks. (rElec)
You are resistant to unholy torment.
You are immune to petrification.


Message History

* * * LOW HITPOINT WARNING * * *
The arrow burns you.
* * * LOW HITPOINT WARNING * * *
Nessos is engulfed in poison gas.
Nessos looks as sick as possible!
Nessos shoots an arrow.
The arrow barely misses you.
The elephant is engulfed in poison gas.
The elephant looks even sicker.
Nessos is engulfed in poison gas.
Nessos looks as sick as possible!
Nessos shoots an arrow.
The arrow misses you.
Nessos is engulfed in poison gas.
Nessos looks as sick as possible!
Nessos shoots an arrow.
The arrow completely misses you.
The elephant is engulfed in poison gas.
The elephant looks even sicker.
The cane toad stings you!
* * * LOW HITPOINT WARNING * * *
The spriggan shouts!
Okay, then.
Nessos is engulfed in poison gas.
Nessos looks as sick as possible!
Nessos casts a spell.
Nessos blinks!
A cane toad comes into view.
Nessos is engulfed in poison gas.
Nessos looks as sick as possible! x2
Nessos is engulfed in poison gas.
Nessos looks as sick as possible!
Nessos shoots an arrow.
The arrow completely misses you.
Nessos is engulfed in poison gas.
Nessos looks as sick as possible!
Nessos shoots an arrow.
The arrow completely misses you. The spriggan misses you.
Nessos is engulfed in poison gas.
Nessos looks as sick as possible!
The spriggan attacks as you move away! The spriggan completely misses you.
Nessos is engulfed in poison gas.
Nessos looks as sick as possible!
Nessos casts a spell.
Nessos blinks!
There is a stone staircase leading up here.
Nessos intently looks at you, slowly moving their tail.
Nessos drinks a potion.
Nessos is healed!
Nessos shoots an arrow.
The arrow hits you!
* * * LOW HITPOINT WARNING * * *
The arrow burns you.
* * * LOW HITPOINT WARNING * * *
The spriggan hits you with a +0 dagger!
* * * LOW HITPOINT WARNING * * *
The cane toad stings you!
You die...

P............................*,,,
.............................,,,,
................c.......,,,,,,,,,
....Y...................,,,,,,,,,
Y..Y.Y..................,,,,,,,,,
Y.♣♣♣....##☼§§P.........,,,,,,,,,
♣♣♣ ♣♣i..§§§§○..........,*,,,,,,,
*****♣♣♣.§§○§§.F....~P..,,,,,,,,,
,,,,***♣♣§§§§§.i@..~~~~#,,,,,,,,,
*,,,,,* ♣♣♣♣○§......≈≈~#,*,,,,,,,
,,,*,,**** ♣.....F..≈≈~.,,,,,,,,,
,,,,,,,,,**♣♣.......~P..,,,,,,,,,
**,,,**,,,**♣♣..........,,,,,,,,,
********,,,* ♣..........,,,,,,,,,
,* *,,** ♣..........,,,,,,,,* **
**,,**♣..........,,,,,,,,, ***
***,**,,,,,,,,,,,,,,,,,,,


You could see Nessos (fast, extremely poisoned), 2 cane toads and a spriggan.

Vanquished Creatures
  2 catoblepae
  5 two-headed ogres
  2 death yaks (Lair:2)
  2 bog bodies (Lair:3)
  2 ugly things
  5 elephants (Lair:3)
  2 ice statues (IceCv)
  A black mamba (Lair:2)
  2 torpor snails
  A gargoyle (D:11)
  5 cane toads
  A kobold demonologist (D:10)
  A rime drake (D:8)
  3 komodo dragons
  A yaktaur (D:12)
  2 trolls (D:11)
  5 polar bears
  Prince Ribbit (D:7)
  12 blink frogs
  4 dream sheep (Lair:1)
  2 spriggans (Lair:1)
  2 shadows (D:11)
  2 wyverns
  22 slime creatures
  34 yaks
  3 wraiths
  A vampire (D:10)
  A basilisk (Lair:3)
  A swamp worm (Lair:3)
  A steam dragon (D:9)
  3 nagas (Lair:3)
  3 water moccasins
  3 sky beasts
  5 ice beasts (D:8)
  4 black bears
  4 orc warriors
  3 great orb of eyes simulacra (IceCv)
  4 wolves (Lair:1)
  2 centaurs
  2 kobold brigands
  3 slime creature simulacra (IceCv)
  7 bullfrogs
  3 glowing shapeshifter simulacra (IceCv)
  2 necrophages (D:7)
  A gnoll sergeant (D:8)
  2 scorpions
  12 wights
  9 killer bees (D:9)
  An electric eel (Lair:3)
  A howler monkey (D:11)
  5 hounds
  3 orc priests
  5 iguanas
  Natasha (thrice) (D:2)
  9 orc wizards
  2 shapeshifter simulacra (IceCv)
  Robin (D:4)
  9 gnolls
  7 adders
  A river rat (D:4)
  A shadow imp (D:6)
  15 white imps
  2 ufetubi
  A worm (D:2)
  A dart slug (D:4)
  41 orcs
  9 ball pythons
  5 bats
  12 endoplasms
  A giant cockroach (D:4)
  15 goblins
  13 hobgoblins
  2 jackals (D:3)
  5 quokkas
  8 frilled lizards
  19 kobolds
  9 rats
406 creatures vanquished.

Vanquished Creatures (others)
  A troll (D:11)
  A yak (Lair:5)
  25 fungi
  95 plants
122 creatures vanquished.

Grand Total: 528 creatures vanquished

Notes
Turn   | Place    | Note
-------+----------+-------------------------------------------
     0 | D:1      | Strat the Gargoyle Reaver began the quest for the Orb.
     0 | D:1      | Reached XP level 1. HP: 12/12 MP: 3/3
   102 | D:1      | Reached XP level 2. HP: 18/18 MP: 5/5
   367 | D:1      | Learned a level 2 spell: Momentum Strike
   594 | D:1      | Reached XP level 3. HP: 22/22 MP: 6/6
   807 | D:1      | Learned a level 3 spell: Hailstorm
  1238 | D:2      | Reached skill level 4 in Maces & Flails
  1273 | D:2      | Reached XP level 4. HP: 25/28 MP: 7/7
  1595 | D:2      | Noticed Natasha
  1601 | D:2      | Killed Natasha
  1697 | D:2      | Noticed Natasha
  1703 | D:2      | Killed Natasha
  1704 | D:2      | Reached XP level 5. HP: 15/32 MP: 5/8
  1728 | D:2      | Noticed Natasha
  1734 | D:2      | Killed Natasha
  1735 | D:2      | Reached skill level 5 in Maces & Flails
  2200 | D:3      | Found a faded altar of an unknown god.
  2523 | D:4      | Reached skill level 6 in Maces & Flails
  2523 | D:4      | Reached XP level 6. HP: 31/37 MP: 6/9
  2615 | D:4      | Noticed Eustachio
  2615 | D:4      | Noticed a black bear
  2817 | D:4      | Found a hide-covered altar of Uskayaw.
  2849 | D:4      | Found a bloodstained altar of Trog.
  3026 | D:4      | Killed a black bear
  3027 | D:4      | Reached skill level 1 in Translocations
  3027 | D:4      | Reached skill level 1 in Ice Magic
  3080 | D:4      | Reached XP level 7. HP: 38/41 MP: 10/10
  3281 | D:4      | Noticed Robin
  3499 | D:4      | Killed Robin
  3575 | D:5      | Entered Level 5 of the Dungeon
  4204 | D:5      | Reached skill level 7 in Maces & Flails
  4204 | D:5      | Reached skill level 5 in Conjurations
  4509 | D:5      | Found a shadowy altar of Dithmenos.
  4706 | D:5      | Reached XP level 8. HP: 16/46 MP: 8/11
  5113 | D:5      | Became a worshipper of Dithmenos the Shadowed
  5211 | D:6      | Found a blossoming altar of Fedhas.
  5276 | D:5      | Reached skill level 8 in Maces & Flails
  5347 | D:6      | Found a staircase to the Ecumenical Temple.
  5521 | D:6      | Identified the +1 hat of Haasesm {+Blink Will++ Dex-2
                  | Stlth+}
  5714 | D:6      | Found an ornate altar of the Wu Jian Council.
  5879 | D:6      | Found an ancient bone altar of Kikubaaqudgha.
  5969 | D:6      | Found a sparkling altar of Nemelex Xobeh.
  5970 | D:6      | Found an opulent altar of Gozag.
  6360 | D:7      | Identified a scroll of acquirement
  6360 | D:7      | Acquired the +6 demon whip of Intimidation {elec, rN+}
  6400 | D:7      | Reached XP level 9. HP: 45/52 MP: 12/12
  6461 | D:7      | Reached * piety under Dithmenos
  6489 | D:7      | Reached skill level 5 in Armour
  6493 | D:7      | Reached skill level 5 in Fighting
  6532 | D:7      | Reached skill level 9 in Maces & Flails
  6629 | D:7      | Identified the +1 ring mail "Ficiafaq" {+Inv Will- rCorr
                  | Int+5}
  6647 | D:7      | Found a sacrificial altar of Ru.
  6713 | D:7      | Found a shimmering altar of Xom.
  6720 | D:7      | Noticed Prince Ribbit
  6735 | D:7      | Killed Prince Ribbit
  6852 | D:7      | Found a shimmering altar of Xom.
  6853 | D:7      | Found a shimmering altar of Xom.
  6853 | D:7      | Found a shimmering altar of Xom.
  6862 | D:7      | Found a shimmering altar of Xom.
  7164 | D:8      | Noticed a polar bear
  7170 | D:8      | Noticed a polar bear
  7188 | D:7      | Killed a polar bear
  7300 | D:8      | Noticed a two-headed ogre
  7387 | D:8      | Found a large runed translucent door.
  7388 | D:8      | Found a large runed translucent door.
  7453 | D:8      | Reached XP level 10. HP: 52/61 MP: 10/13
  7572 | D:8      | Killed a two-headed ogre
  7573 | D:8      | Reached skill level 10 in Maces & Flails
  7939 | D:8      | Found a staircase to the Lair.
  8162 | D:8      | Reached ** piety under Dithmenos
  8317 | D:8      | Noticed TheSexyCheese's ghost (novice TrFi)
  8339 | D:8      | Learned a level 6 spell: Iron Shot
  8399 | D:9      | Noticed a two-headed ogre
  8406 | D:9      | Killed a two-headed ogre
  8407 | D:9      | Reached skill level 1 in Earth Magic
  8468 | D:9      | Found a white marble altar of Elyvilon.
  8645 | D:9      | Reached XP level 11. HP: 57/69 MP: 14/14
  8907 | D:9      | Found the +18 Lear's hauberk
  9061 | D:10     | Entered Level 10 of the Dungeon
  9420 | D:10     | Reached skill level 11 in Maces & Flails
  9556 | D:10     | Found an iron altar of Okawaru.
  9736 | D:10     | Noticed a two-headed ogre
  9743 | D:10     | Killed a two-headed ogre
 10143 | D:11     | Reached skill level 5 in Earth Magic
 10375 | D:11     | Noticed a brown ugly thing
 10383 | D:11     | Killed a brown ugly thing
 10479 | D:11     | Noticed a two-headed ogre
 10899 | D:11     | Killed a two-headed ogre
 11068 | D:12     | Noticed a brown ugly thing
 11142 | D:12     | Found a staircase to the Orcish Mines.
 11238 | D:12     | Noticed a boulder beetle
 11241 | D:12     | Noticed a two-headed ogre
 11253 | D:12     | Killed a two-headed ogre
 11257 | D:12     | Reached *** piety under Dithmenos
 11320 | D:12     | Reached XP level 12. HP: 61/76 MP: 16/16
 11656 | Lair:1   | Entered Level 1 of the Lair of Beasts
 11816 | Lair:1   | Upgraded the game from 0.30-a0-802-gb92711bcdf to
                  | 0.30-a0-830-gfe289a77b0
 11875 | Lair:1   | Reached skill level 10 in Armour
 11916 | Lair:1   | Reached skill level 10 in Fighting
 11925 | Lair:1   | Found a radiant altar of Vehumet.
 12573 | Lair:2   | Noticed a catoblepas
 12607 | Lair:2   | Killed a catoblepas
 12608 | Lair:2   | Reached skill level 12 in Maces & Flails
 12807 | Lair:2   | Reached **** piety under Dithmenos
 12941 | Lair:2   | Noticed a death yak
 12944 | Lair:2   | Noticed a death yak
 12945 | Lair:2   | Noticed a death yak
 12961 | Lair:2   | Killed a death yak
 12962 | Lair:2   | Noticed a death yak
 12962 | Lair:2   | Noticed a death yak
 12980 | Lair:2   | Killed a death yak
 12981 | Lair:2   | Reached skill level 5 in Spellcasting
 12981 | Lair:2   | Reached skill level 10 in Earth Magic
 12981 | Lair:2   | Reached XP level 13. HP: 41/82 MP: 20/20
 13020 | Lair:2   | Learned a level 2 spell: Blink
 13026 | Lair:2   | Learned a level 5 spell: Lee's Rapid Deconstruction
 13578 | Lair:3   | Found a staircase to the Snake Pit.
 13931 | Lair:3   | Reached skill level 10 in Conjurations
 13943 | Lair:3   | Reached skill level 13 in Maces & Flails
 13998 | Lair:3   | Found a frozen archway.
 14128 | IceCv    | Entered an ice cave
 14639 | IceCv    | Reached ***** piety under Dithmenos
 14999 | IceCv    | Reached skill level 14 in Maces & Flails
 14999 | IceCv    | Reached skill level 1 in Shields
 15204 | IceCv    | Found a viscous altar of Jiyva.
 15204 | IceCv    | Noticed an azure jelly
 15260 | IceCv    | Noticed a quicksilver ooze
 15502 | Lair:3   | Found a staircase to the Swamp.
 15514 | Lair:3   | Reached skill level 5 in Shields
 15551 | Lair:3   | Reached skill level 1 in Invocations
 15937 | Lair:4   | You fall into a shaft and drop 1 floor!
 15937 | Lair:5   | Entered Level 5 of the Lair of Beasts
 15938 | Lair:5   | Noticed Nessos
 16007 | Lair:5   | Slain by a cane toad

Illustrated notes

Levels and vault maps discovered:
D:1:      dpeg_arrival_subterranean_lakeside_camping, layout_loops_ring
D:2:      layout_loops_ring, chequers_big_river, uniq_natasha
D:3:      layout_basic, dreamdust_ecumenical_altar_statues
D:4:      layout_loops_ring, amethyst_overflow_temple_binary,
          gup_sewer_entry_bowl, uniq_robin, uniq_eustachio
D:5:      layout_gridville, grunt_dithmenos_smoke_and_mirrors
D:6:      layout_rooms, grunt_temple_overflow_opulence, old_standard_altar,
          mainiacjoe_overflow_concentric_impassable, lemuel_round_altar,
          minmay_temple_entry_tees, dreamdust_princess_corridor
D:7:      layout_basic, xom_redecorated, nicolae_ru_path_of_blood,
          uniq_prince_ribbit1
D:8:      layout_cave_pools, hellmonk_lair_entry_icy,
          ebering_ghost_disaster_area
D:9:      layout_loops_ring, lemuel_round_altar
D:10:     layout_roguey, general_overflow_altar, minmay_misc_feat_nine_boxes
D:11:     layout_loops_cross, minmay_starry_boxes
D:12:     layout_cave_pools, erik_orc_4
Lair:1:   wad_woods_stonehenge, layout_loops_ring
Lair:2:   layout_loops_ring, small_statue_intersection
Lair:3:   layout_small_grid, nicolae_swamp_entry_splash_gauntlet,
          minmay_snake_entry_guardpost_small, portal_ice_cave_entry_imps,
          grunt_megastairs_5
Lair:4:   layout_misc_corridors
Lair:5:   hellmonk_lair_end_abyssal_woods, layout_gridlike,
          dpeg_slime_entry_enclosed, minmay_lair_oklob_bushes, minivault_23,
          wad_woods_01, serial_bayou_shore_b, uniq_nessos

Skill      XL: |  1  2  3  4  5  6  7  8  9 10 11 12 13 |
---------------+----------------------------------------+-----
Maces & Flails | 4 6 7 8 9 10 11 12 14 | 14.0
Fighting       | 3 4 6 8 9 10 | 10.0
Conjurations   | 4 5 6 7 8 10 | 10.0
Armour         | 2 3 4 6 8 9 10 | 10.0
Translocations | 1 |  1.0
Ice Magic      | 1 2 3 |  3.0
Earth Magic    | 3 6 10 | 10.0
Spellcasting   | 5 |  5.3
Shields        | 5 |  5.0
Invocations    | 1 |  1.8
Dodging        | |  1.5

Action                     |  1- 3 |  4- 6 |  7- 9 | 10-12 | 13-15 || total
---------------------------+-------+-------+-------+-------+-------++-------
  Melee: Mace              |   138 |   138 |   393 |       |       ||   669
         Punch             |       |     2 |     5 |     7 |     9 ||    23
         Demon whip        |       |       |   100 |   559 |   388 ||  1047
         Morningstar       |       |       |     4 |     5 |       ||     9
   Cast: Momentum Strike   |     2 |     7 |    12 |     9 |     1 ||    31
         Kiss of Death     |       |     1 |     1 |     3 |       ||     5
         Hailstorm         |       |       |       |     3 |       ||     3
  Evoke: Wand              |       |     2 |     1 |     3 |     5 ||    11
    Use: Scroll            |       |     6 |    11 |     5 |    13 ||    35
         Potion            |       |       |       |     4 |     5 ||     9
   Stab: Sleeping          |       |       |     1 |     4 |       ||     5
         Distracted        |       |       |       |     1 |       ||     1
         Petrified         |       |       |       |     5 |       ||     5
         Invisible         |       |       |       |       |     1 ||     1
 Armour: Leather armour    |    51 |    58 |   249 |    61 |       ||   419
         Troll leather arm |       |       |       |    76 |   125 ||   201
  Dodge: Dodged            |   112 |   107 |   363 |   287 |   244 ||  1113

Table legend: (Time is in decaauts)
 A = Elapsed time spent in this place.
 B = Non-inter-level travel time spent in this place.
 C = Inter-level travel time spent in this place.
 D = Time resting spent in this place.
 E = Time spent auto-exploring this place.
 F = Levels seen in this place.
 G = Mean time per level.
                   A        B        C        D        E       F      G
               +--------+--------+--------+--------+--------+-----+--------+
         Total |  15595 |  14869 |    726 |   2079 |   8465 |  18 |  866.4 |
       Dungeon |  11578 |  10976 |    602 |   1567 |   6437 |  12 |  964.8 |
          Lair |   2903 |   2780 |    123 |     78 |   1841 |   5 |  580.6 |
      Ice Cave |   1113 |   1113 |      0 |    433 |    186 |   1 | 1113.0 |
               +--------+--------+--------+--------+--------+-----+--------+

Top non-repeatable levels by time:
     D:5: 1706 daAuts
     D:8: 1123 daAuts
  Lair:3: 1122 daAuts
   IceCv: 1113 daAuts
     D:7: 1110 daAuts
     D:2: 1070 daAuts
    D:10: 1030 daAuts
     D:4: 961 daAuts
     D:1: 862 daAuts
  Lair:2: 855 daAuts
    D:11: 848 daAuts
  Lair:1: 837 daAuts
     D:6: 817 daAuts
     D:3: 765 daAuts
     D:9: 690 daAuts
